| TOP OF THE 1ST |
|
Atlanta Braves batting - Pitching for Philadelphia Phillies : RHP Brandon Tuckson
|
|
Pitching: RHP Brandon Tuckson
|
|
|
Batting: RHB Jeckel Hester
|
0-0: Ball 1-0: Ball 2-0: Ball 3-0: Foul Ball, location: 2F 3-1: Base on Balls
|
|
Batting: LHB Colin Worthington
|
0-0: Ball Jeckel Hester steals 2nd base 1-0: SINGLE (Groundball, 6M, EV 96.3 MPH) Jeckel Hester to third Runner from 3rd tries for Home, SAFE, throw by CF to home Colin Worthington to second
|
|
Batting: SHB Ryan Doss
|
0-0: Ball 1-0: SINGLE (Line Drive, 8RS, EV 90.0 MPH) Colin Worthington to third
|
|
Batting: LHB Seth Cook
|
0-0: Called Strike 0-1: Swinging Strike 0-2: Ball 1-2: Ball 2-2: Foul Ball, location: 2F 2-2: SINGLE (Groundball, 34D, EV 102.5 MPH) Colin Worthington scores Ryan Doss to second Runner from 2nd tries for 3rd, SAFE, throw by RF made to third
|
|
Batting: RHB Kanehisa Kubo
|
0-0: Called Strike Seth Cook steals 2nd base (no throw) 0-1: Ball 1-1: Ball Wild Pitch! Ryan Doss scores Seth Cook to third 2-1: Fly out, F9 (Flyball, 9, EV 76.3 MPH)
|
|
Batting: LHB Otte Klijnsma
|
0-0: Called Strike 0-1: Ball 1-1: Swinging Strike 1-2: Ball 2-2: Strikes out swinging
|
|
Batting: SHB Brian Bagley
|
0-0: Swinging Strike 0-1: Ball 1-1: Fly out, F2 (Popup, 2RF, EV 91.3 MPH)
|
| Top of the 1st over - 3 runs, 3 hits, 0 errors, 1 left on base; Atlanta 3 - Philadelphia 0 |
| BOTTOM OF THE 1ST |
|
Philadelphia Phillies batting - Pitching for Atlanta Braves : LHP Danny Lawson
|
|
Pitching: LHP Danny Lawson
|
|
|
Batting: RHB Chef Belew
|
0-0: Swinging Strike 0-1: Reached on error, E3 (Groundball, 34S, EV 86.9 MPH)
|
|
Batting: SHB Danny Silvers
|
0-0: Foul Ball, location: 2F 0-1: Called Strike 0-2: Ball 1-2: Ball 2-2: Foul Ball, location: 2F 2-2: Fielders Choice at 2nd, 6-4 (Groundball, 6, EV 90.6 MPH)
|
|
Batting: LHB Alberto Figueroa
|
0-0: Ball 1-0: Called Strike 1-1: Swinging Strike 1-2: Foul Ball, location: 2F 1-2: Foul Ball, location: 2F 1-2: SINGLE (Groundball, 6M, EV 80.0 MPH) (infield hit) Danny Silvers to second
|
|
Batting: RHB Bill O'Neal
|
0-0: Ball 1-0: Foul Ball, location: 2F 1-1: Ball 2-1: Fielders Choice at 2nd, 1-6 (Groundball, 34S, EV 71.9 MPH) Danny Silvers to third
|
|
Batting: LHB Nick Canizales
|
0-0: Ball 1-0: Foul Ball, location: 2F 1-1: Called Strike 1-2: Foul Ball, location: 2F 1-2: Ball 2-2: Ball 3-2: DOUBLE (Flyball, 8RXD, EV 96.3 MPH) Danny Silvers scores Bill O'Neal to third Bill O'Neal scores
|
|
Batting: LHB Jeff Luvisi
|
0-0: Ball 1-0: Swinging Strike 1-1: Ball 2-1: Ball 3-1: Base on Balls
|
|
Batting: RHB Luis Arce
|
0-0: Ball 1-0: Swinging Strike 1-1: Foul Ball, location: 2F 1-2: Ball 2-2: Foul Ball, location: 2F 2-2: Foul Ball, location: 2F 2-2: SINGLE (Groundball, 25, EV 69.4 MPH) (infield hit) Nick Canizales to third Jeff Luvisi to second
|
|
Batting: LHB Rich Sullivan
|
0-0: Ball 1-0: Ball 2-0: DOUBLE (Flyball, 8RXD, EV 88.8 MPH) Nick Canizales scores Jeff Luvisi scores Luis Arce to third Runner from 3rd tries for Home, throw by CF and OUT! 8-4-2
|
| Bottom of the 1st over - 4 runs, 4 hits, 1 error, 1 left on base; Atlanta 3 - Philadelphia 4 |
| TOP OF THE 2ND |
|
Atlanta Braves batting - Pitching for Philadelphia Phillies : RHP Brandon Tuckson
|
|
Batting: RHB Tim Nettles
|
0-0: Called Strike 0-1: Foul Ball, location: 2F 0-2: Ball 1-2: Ground out 5-3 (Groundball, 56S, EV 95.0 MPH)
|
|
Batting: RHB Joseph Kirchmann
|
0-0: Called Strike 0-1: Ball 1-1: Foul Ball, location: 2F 1-2: Ground out 4-3 (Groundball, 4D, EV 107.5 MPH)
|
|
Batting: RHB Jeckel Hester
|
0-0: Ball 1-0: Called Strike 1-1: Fly out, F8 (Flyball, 8RM, EV 98.1 MPH)
|
| Top of the 2nd over - 0 runs, 0 hits, 0 errors, 0 left on base; Atlanta 3 - Philadelphia 4 |
| BOTTOM OF THE 2ND |
|
Philadelphia Phillies batting - Pitching for Atlanta Braves : LHP Danny Lawson
|
|
Batting: LHB Ryan Trombley
|
0-0: Called Strike 0-1: Ball 1-1: Called Strike 1-2: Ball 2-2: Strikes out looking
|
|
Batting: RHB Chef Belew
|
0-0: Called Strike 0-1: Ball 1-1: Foul Ball, location: 2F 1-2: Foul Ball, location: 2F 1-2: Strikes out swinging
|
|
Batting: SHB Danny Silvers
|
0-0: Called Strike 0-1: Ball 1-1: Called Strike 1-2: Foul Ball, location: 2F 1-2: DOUBLE (Line Drive, 89M, EV 105.6 MPH)
|
|
Batting: LHB Alberto Figueroa
|
0-0: Swinging Strike 0-1: Called Strike 0-2: Strikes out looking
|
| Bottom of the 2nd over - 0 runs, 1 hit, 0 errors, 1 left on base; Atlanta 3 - Philadelphia 4 |
| TOP OF THE 3RD |
|
Atlanta Braves batting - Pitching for Philadelphia Phillies : RHP Brandon Tuckson
|
|
Batting: LHB Colin Worthington
|
0-0: Ball 1-0: Fly out, F9 (Flyball, 9S, EV 91.3 MPH)
|
|
Batting: SHB Ryan Doss
|
0-0: Foul Ball, location: 2F 0-1: Called Strike 0-2: Ball 1-2: Ball 2-2: Ball 3-2: Foul Ball, location: 2F 3-2: Fly out, F8 (Flyball, 8RXD, EV 86.3 MPH)
|
|
Batting: LHB Seth Cook
|
0-0: Ball 1-0: Ball 2-0: Called Strike 2-1: Foul Ball, location: 2F 2-2: Foul Ball, location: 2F 2-2: Ground out 5-3 (Groundball, 56, EV 86.9 MPH)
|
| Top of the 3rd over - 0 runs, 0 hits, 0 errors, 0 left on base; Atlanta 3 - Philadelphia 4 |
| BOTTOM OF THE 3RD |
|
Philadelphia Phillies batting - Pitching for Atlanta Braves : LHP Danny Lawson
|
|
Batting: RHB Bill O'Neal
|
0-0: Called Strike 0-1: Ball 1-1: Foul Ball, location: 2F 1-2: Ball 2-2: Ball 3-2: Fly out, F5 (Line Drive, 5, EV 68.1 MPH)
|
|
Batting: LHB Nick Canizales
|
0-0: Called Strike 0-1: SINGLE (Flyball, 56D, EV 91.9 MPH)
|
|
Batting: LHB Jeff Luvisi
|
0-0: Ball 1-0: SINGLE (Flyball, 34D, EV 88.8 MPH) Nick Canizales to second Runner from 2nd tries for 3rd, OUT! 9-5
|
|
Batting: RHB Luis Arce
|
0-0: Ball Jeff Luvisi is caught stealing 2nd base 2-4
|
| Bottom of the 3rd over - 0 runs, 2 hits, 0 errors, 0 left on base; Atlanta 3 - Philadelphia 4 |
| TOP OF THE 4TH |
|
Atlanta Braves batting - Pitching for Philadelphia Phillies : RHP Brandon Tuckson
|
|
Batting: RHB Kanehisa Kubo
|
0-0: Swinging Strike 0-1: Called Strike 0-2: Ball 1-2: Ball 2-2: Strikes out looking
|
|
Batting: LHB Otte Klijnsma
|
0-0: Ball 1-0: Ball 2-0: Ball 3-0: Called Strike 3-1: Ground out 4-3 (Groundball, 4M, EV 88.1 MPH)
|
|
Batting: SHB Brian Bagley
|
0-0: Called Strike 0-1: Fly out, F9 (Flyball, 89D, EV 88.1 MPH)
|
| Top of the 4th over - 0 runs, 0 hits, 0 errors, 0 left on base; Atlanta 3 - Philadelphia 4 |
| BOTTOM OF THE 4TH |
|
Philadelphia Phillies batting - Pitching for Atlanta Braves : LHP Danny Lawson
|
|
Batting: RHB Luis Arce
|
0-0: Ground out U3 (Groundball, 34S, EV 85.0 MPH)
|
|
Batting: LHB Rich Sullivan
|
0-0: Foul Ball, location: 2F 0-1: DOUBLE (Flyball, 8LXD, EV 111.3 MPH) - OUT at third base trying to stretch hit.
|
|
Batting: LHB Ryan Trombley
|
0-0: Ball 1-0: Called Strike 1-1: Called Strike 1-2: Strikes out swinging, 2-3 out at first.
|
| Bottom of the 4th over - 0 runs, 1 hit, 0 errors, 0 left on base; Atlanta 3 - Philadelphia 4 |
| TOP OF THE 5TH |
|
Atlanta Braves batting - Pitching for Philadelphia Phillies : RHP Brandon Tuckson
|
|
Pitching: RHP Rico Romero
|
|
|
Batting: RHB Tim Nettles
|
0-0: Ball 1-0: Foul Ball, location: 2F 1-1: Swinging Strike 1-2: Strikes out swinging
|
|
Batting: RHB Joseph Kirchmann
|
0-0: Called Strike 0-1: Foul Ball, location: 2F 0-2: Ball 1-2: Strikes out swinging
|
|
Batting: RHB Jeckel Hester
|
0-0: SOLO HOME RUN (Line Drive, 9LD, EV 97.5 MPH), Distance : 359 ft
|
|
Batting: LHB Colin Worthington
|
0-0: Swinging Strike 0-1: Ball 1-1: Ball 2-1: Swinging Strike 2-2: Ball 3-2: Strikes out looking
|
| Top of the 5th over - 1 run, 1 hit, 0 errors, 0 left on base; Atlanta 4 - Philadelphia 4 |
| BOTTOM OF THE 5TH |
|
Philadelphia Phillies batting - Pitching for Atlanta Braves : LHP Danny Lawson
|
|
Pitching: LHP Micah Basinger
|
|
|
Batting: RHB Chef Belew
|
0-0: Ball 1-0: Ball 2-0: Ground out U3 (Groundball, 34S, EV 80.6 MPH)
|
|
Batting: SHB Danny Silvers
|
0-0: Ball 1-0: Called Strike 1-1: Ball 2-1: Swinging Strike 2-2: Ball 3-2: Strikes out swinging
|
|
Batting: LHB Alberto Figueroa
|
0-0: Foul Ball, location: 2F 0-1: Ball 1-1: Swinging Strike 1-2: Ball 2-2: Ball 3-2: Foul Ball, location: 2F 3-2: Foul Ball, location: 2F 3-2: Strikes out swinging
|
| Bottom of the 5th over - 0 runs, 0 hits, 0 errors, 0 left on base; Atlanta 4 - Philadelphia 4 |
| TOP OF THE 6TH |
|
Atlanta Braves batting - Pitching for Philadelphia Phillies : RHP Rico Romero
|
|
Batting: SHB Ryan Doss
|
0-0: Swinging Strike 0-1: Foul Ball, location: 2F 0-2: Ball 1-2: Reached on error, E3 (Groundball, 34S, EV 80.0 MPH)
|
|
Batting: LHB Seth Cook
|
0-0: Called Strike 0-1: Ground out 6-3 (Groundball, 6, EV 88.1 MPH) Ryan Doss to third
|
|
Batting: RHB Kanehisa Kubo
|
0-0: Foul Ball, location: 2F 0-1: Ball 1-1: Ball 2-1: Swinging Strike 2-2: Ball 3-2: DOUBLE (Line Drive, 78D, EV 99.4 MPH) Ryan Doss scores
|
|
Batting: LHB Otte Klijnsma
|
0-0: Ball 1-0: Swinging Strike 1-1: Ball 2-1: DOUBLE (Groundball, 3L, EV 106.3 MPH) Kanehisa Kubo scores
|
|
Batting: SHB Brian Bagley
|
0-0: Called Strike 0-1: Fly out, F7 (Flyball, 78S, EV 92.5 MPH)
|
|
Batting: RHB Tim Nettles
|
0-0: Ground out 6-3 (Groundball, 6, EV 79.4 MPH)
|
| Top of the 6th over - 2 runs, 2 hits, 1 error, 1 left on base; Atlanta 6 - Philadelphia 4 |
| BOTTOM OF THE 6TH |
|
Philadelphia Phillies batting - Pitching for Atlanta Braves : LHP Micah Basinger
|
|
Batting: RHB Bill O'Neal
|
0-0: Called Strike 0-1: Ball 1-1: Ball 2-1: Ball 3-1: Base on Balls
|
|
Pinch Hitting: RHB Nick Beggs
|
0-0: Ball Pickoff Throw to First - Out! 1-3 1-0: Ball 2-0: Ball 3-0: Called Strike 3-1: Base on Balls
|
|
Pinch Hitting: RHB Raul de la Cruz
|
0-0: Called Strike 0-1: SINGLE (Groundball, 5S, EV 73.1 MPH) (infield hit) Nick Beggs to second
|
|
Batting: RHB Luis Arce
|
0-0: Called Strike Nick Beggs steals 3rd base Raul de la Cruz to second 0-1: Ball 1-1: Ball 2-1: Ball 3-1: Swinging Strike 3-2: Foul Ball, location: 2F 3-2: Foul Ball, location: 2F 3-2: Fly out, F7 (Flyball, 78D, EV 91.9 MPH) Runner from 3rd tags up, SCORES, no throw by LF
|
|
Pitching: LHP Mario Jimenez
|
|
|
Pinch Hitting: SHB Patrick Kimmel
|
0-0: Ball 1-0: Ball 2-0: Fly out, F4 (Popup, 4D, EV 48.8 MPH)
|
| Bottom of the 6th over - 1 run, 1 hit, 0 errors, 1 left on base; Atlanta 6 - Philadelphia 5 |
| TOP OF THE 7TH |
|
Atlanta Braves batting - Pitching for Philadelphia Phillies : RHP Rico Romero
|
|
Pitching: RHP Chris Faulkner
|
|
|
Now at 1B: Raul de la Cruz
|
|
|
Now at 2B: Luis Arce
|
|
|
Now at SS: Patrick Kimmel
|
|
|
Now in LF: Nick Beggs
|
|
|
Now in RF: Danny Silvers
|
|
|
Batting: RHB Joseph Kirchmann
|
0-0: Called Strike 0-1: Foul Ball, location: 2F 0-2: Strikes out swinging
|
|
Pinch Hitting: RHB Zach Thomason
|
0-0: Ball 1-0: Called Strike 1-1: Ground out 4-3 (Groundball, 4, EV 85.0 MPH)
|
|
Pinch Hitting: LHB Davey Schonewille
|
0-0: Swinging Strike 0-1: Swinging Strike 0-2: SOLO HOME RUN (Flyball, 9D, EV 93.8 MPH), Distance : 378 ft
|
|
Pinch Hitting: RHB Itsuo Egami
|
0-0: Ball 1-0: TRIPLE (Line Drive, 78XD, EV 107.5 MPH)
|
|
Pinch Hitting: RHB Butch Kaiser
|
0-0: Ball 1-0: Ball 2-0: Ball 3-0: Called Strike 3-1: SINGLE (Line Drive, 6MD, EV 104.4 MPH) Itsuo Egami scores
|
|
Batting: RHB Kanehisa Kubo
|
0-0: Ball 1-0: Ball 2-0: Called Strike 2-1: Foul Ball, location: 2F 2-2: Foul Ball, location: 2F 2-2: Ball Butch Kaiser steals 2nd base (no throw) 3-2: Ground out 5-3 (Groundball, 5S, EV 66.9 MPH)
|
| Top of the 7th over - 2 runs, 3 hits, 0 errors, 1 left on base; Atlanta 8 - Philadelphia 5 |
| BOTTOM OF THE 7TH |
|
Philadelphia Phillies batting - Pitching for Atlanta Braves : LHP Mario Jimenez
|
|
Now at 2B: Butch Kaiser
|
|
|
Now at 3B: Zach Thomason
|
|
|
Now at SS: Itsuo Egami
|
|
|
Now in LF: Davey Schonewille
|
|
|
Batting: LHB Ryan Trombley
|
0-0: Ball 1-0: Fly out, F9 (Flyball, 9, EV 90.6 MPH)
|
|
Batting: RHB Chef Belew
|
0-0: Ball 1-0: Foul Ball, location: 2F 1-1: SINGLE (Groundball, 6D, EV 98.8 MPH)
|
|
Pinch Hitting: LHB Eric Katz
|
0-0: Called Strike 0-1: Swinging Strike 0-2: Strikes out swinging
|
|
Batting: RHB Ji-an Li
|
0-0: Ball 1-0: Called Strike 1-1: Fly out, F3 (Line Drive, 3, EV 70.0 MPH)
|
| Bottom of the 7th over - 0 runs, 1 hit, 0 errors, 1 left on base; Atlanta 8 - Philadelphia 5 |
| TOP OF THE 8TH |
|
Atlanta Braves batting - Pitching for Philadelphia Phillies : RHP Chris Faulkner
|
|
Pitching: LHP Isaias Felix
|
|
|
Now in RF: Eric Katz
|
|
|
Batting: RHB Liangde Li
|
0-0: Ball 1-0: Ball 2-0: Ball 3-0: Called Strike 3-1: Base on Balls
|
|
Batting: SHB Brian Bagley
|
0-0: Ball 1-0: Grounds into double play, 5-4-3 (Groundball, 5, EV 99.4 MPH)
|
|
Pinch Hitting: LHB Tom Best
|
0-0: Ball 1-0: Ball 2-0: Ball 3-0: Base on Balls
|
|
Batting: RHB Joseph Kirchmann
|
0-0: Ball 1-0: Swinging Strike 1-1: SINGLE (Groundball, 6MD, EV 106.3 MPH) Tom Best to second Runner from 2nd tries for 3rd, SAFE, throw by CF made to third Joseph Kirchmann to second
|
|
Batting: RHB Zach Thomason
|
0-0: Ball 1-0: Called Strike 1-1: Called Strike 1-2: Ball 2-2: Strikes out swinging
|
| Top of the 8th over - 0 runs, 1 hit, 0 errors, 2 left on base; Atlanta 8 - Philadelphia 5 |
| BOTTOM OF THE 8TH |
|
Philadelphia Phillies batting - Pitching for Atlanta Braves : LHP Mario Jimenez
|
|
Now in LF: Tom Best
|
|
|
Now in CF: Joseph Kirchmann
|
|
|
Now in RF: Davey Schonewille
|
|
|
Pinch Hitting: RHB Mitch Boyd
|
0-0: Ball 1-0: Ball 2-0: Ball 3-0: Base on Balls
|
|
Batting: RHB Nick Beggs
|
0-0: Ball 1-0: Ground out 4-3 (Groundball, 4MD, EV 106.9 MPH) Mitch Boyd to second
|
|
Batting: RHB Raul de la Cruz
|
0-0: Foul Ball, location: 2F 0-1: Ball 1-1: Foul Ball, location: 2F 1-2: Ball 2-2: Ball 3-2: Fly out, F9 (Flyball, 9, EV 87.5 MPH)
|
|
Batting: RHB Luis Arce
|
0-0: Ball 1-0: Called Strike 1-1: Ball 2-1: Ground out 6-3 (Groundball, 6, EV 82.5 MPH)
|
| Bottom of the 8th over - 0 runs, 0 hits, 0 errors, 1 left on base; Atlanta 8 - Philadelphia 5 |
| TOP OF THE 9TH |
|
Atlanta Braves batting - Pitching for Philadelphia Phillies : LHP Isaias Felix
|
|
Now at 2B: Mitch Boyd
|
|
|
Now at 3B: Luis Arce
|
|
|
Batting: LHB Davey Schonewille
|
0-0: Ball 1-0: Called Strike 1-1: Called Strike 1-2: SINGLE (Groundball, 56S, EV 65.0 MPH) (infield hit)
|
|
Batting: RHB Itsuo Egami
|
0-0: Ball 1-0: Ball 2-0: Ball 3-0: Called Strike 3-1: Called Strike 3-2: Fielders Choice at 2nd, 5-4 (Groundball, 56, EV 85.0 MPH)
|
|
Batting: RHB Butch Kaiser
|
0-0: Ball 1-0: Called Strike 1-1: Swinging Strike 1-2: Strikes out swinging
|
|
Pinch Hitting: RHB T.J. Jordan
|
0-0: Called Strike 0-1: Foul Ball, location: 2F 0-2: Ball 1-2: Foul Ball, location: 2F 1-2: Ball 2-2: Strikes out swinging
|
| Top of the 9th over - 0 runs, 1 hit, 0 errors, 1 left on base; Atlanta 8 - Philadelphia 5 |
| BOTTOM OF THE 9TH |
|
Philadelphia Phillies batting - Pitching for Atlanta Braves : LHP Mario Jimenez
|
|
Pitching: RHP Charles Hewson
|
|
|
Now at C: T.J. Jordan
|
|
|
Batting: SHB Patrick Kimmel
|
0-0: Ball 1-0: Ground out 4-3 (Groundball, 4, EV 81.9 MPH)
|
|
Pinch Hitting: RHB Matt Sanders
|
0-0: Called Strike 0-1: Ball 1-1: Foul Ball, location: 2F 1-2: Foul Ball, location: 2F 1-2: Foul Ball, location: 2F 1-2: Strikes out swinging
|
|
Pinch Hitting: SHB Rafael Vazquez
|
0-0: Ball 1-0: Ball 2-0: Called Strike 2-1: Foul Ball, location: 2F 2-2: Strikes out swinging
|
| Bottom of the 9th over - 0 runs, 0 hits, 0 errors, 0 left on base; Atlanta 8 - Philadelphia 5 |
|